 Dungeon Crawl Stone Soup version 0.29-a0-22-gbf593b16ee (webtiles) character file.

Game seed: 230886253212169110

6450 Armakuni the Prestidigitator (level 11, -3/77 HPs)
             Began as a Human Wanderer on Jan 29, 2022.
             Was a Follower of the Shining One.
             Slain by a yak (11 damage)
             ... on level 9 of the Dungeon.
             The game lasted 00:28:15 (10891 turns).

Armakuni the Prestidigitator (Human Wanderer)      Turns: 10891, Time: 00:28:15

Health: -3/77      AC:  8    Str: 15 (17) XL:     11   Next: 18%
Magic:  14/14      EV: 20    Int: 11 (12) God:    the Shining One [*.....]
Gold:   552        SH:  0    Dex: 11 (13) Spells: 9/14 levels left

rFire   . . .      SeeInvis .   a - +2 whip (elec)
rCold   . . .      Faith    +   (no shield)
rNeg    . . .      Spirit   .   v - +2 leather armour {rPois}
rPois   +          Reflect  .   t - +0 helmet
rElec   .          Harm     .   s - +0 cloak
rCorr   .          Rampage  .   r - +0 pair of gloves
Will    .....                   (no boots)
Stlth   +.........              U - amulet of faith
HPRegen 0.22/turn               E - +4 ring of evasion
MPRegen 0.14/turn               V - +4 ring of evasion

@: flying, glowing
A: no striking features
a: Renounce Religion, Divine Shield


You were on level 9 of the Dungeon.
You worshipped the Shining One.
The Shining One was aware of your devotion.
You visited 2 branches of the dungeon, and saw 10 of its levels.

You collected 552 gold pieces.

Inventory:

Hand Weapons
 a - a +2 whip of electrocution (weapon)
 b - a +2 whip of venom
 j - a +2 hand crossbow
 G - a +0 dire flail
Missiles
 h - 63 bolts
 y - 2 throwing nets
Armour
 r - a +0 pair of gloves (worn)
 s - a +0 cloak (worn)
 t - a +0 helmet (worn)
 v - a +2 leather armour of poison resistance (worn)
Magical Staves
 e - a staff of earth
Jewellery
 x - a ring of protection from cold
 E - a +4 ring of evasion (left hand)
 H - an amulet of reflection
 N - the ring of Pimneb {rN+ SInv}
   (You found it on level 5 of the Dungeon)

   [ring of see invisible]

   rN:        It protects you from negative energy.
   SInv:      It lets you see invisible.
 U - an amulet of faith (around neck)
 V - a +4 ring of evasion (right hand)
Wands
 k - a wand of digging (16)
 p - a wand of polymorph (11)
Scrolls
 g - a scroll of fear {unknown}
 o - a scroll of immolation
 q - 2 scrolls of fog
 u - a scroll of blinking
 A - 2 scrolls of enchant armour
 C - 3 scrolls of teleportation
 F - a scroll of amnesia
Potions
 d - 4 potions of curing
 i - 3 potions of brilliance
 l - 3 potions of might
 m - a potion of flight
 w - 2 potions of mutation
 B - 3 potions of haste
 D - a potion of magic


   Skills:
 - Level 4.0 Fighting
 - Level 8.0 Staves
 - Level 2.0 Crossbows
 - Level 4.0 Dodging
 - Level 2.0 Spellcasting
 + Level 8.9 Earth Magic
 - Level 5.0 Invocations
 + Level 9.3 Evocations


You had 9 spell levels left.
You knew the following spells:

 Your Spells              Type           Power      Damage    Failure   Level
a - Stone Arrow           Conj/Erth      20%        3d8       17%         3
z - Searing Ray           Conj           2%         2d4       47%         2

Your spell library contained the following spells:

 Spells                   Type           Power      Damage    Failure   Level
 Sandblast                Erth           40%        2d10      1%          1
 Foxfire                  Conj/Fire      4%         2x1d4     34%         1
 Magic Dart               Conj           4%         1d3       34%         1
 Corpse Rot               Necr/Air       2%         N/A       47%         2
 Poisonous Vapours        Pois/Air       2%         N/A       47%         2
 Conjure Flame            Conj/Fire      1%         6-21      71%         3
 Inner Flame              Hex/Fire       1%         N/A       71%         3
 Cause Fear               Hex            0%         N/A       98%         4
 Flame Wave               Conj/Fire      1%         2d4       98%         4
 Fulminant Prism          Conj/Hex       0%         3d6       98%         4
 Discord                  Hex            0%         N/A       100%        8


Dungeon Overview and Level Annotations

Branches:
Dungeon (9/15)             Temple (1/1) D:6             Orc (0/2) D:9
   Lair: D:8-11

Altars:
Ashenzari
Dithmenos
Elyvilon
Fedhas
Gozag
Hepliaklqana
Kikubaaqudgha
Nemelex Xobeh
Okawaru
Qazlal
Ru
Sif Muna
Trog
Uskayaw
Vehumet
Wu Jian
Xom
Yredelemnul
Zin
The Shining One

Shops:
D:6 *


Message History

The yak is moderately wounded.
The yak gores you.
* * * LOW HITPOINT WARNING * * *
You hit the yak.
The yak is moderately wounded.
The yak completely misses you.
You hit the yak.
The yak is heavily wounded.
You whack the yak!
The yak is severely wounded.
The yak closely misses you.
You hit the yak but do no damage.
The yak is severely wounded.
The yak completely misses you.
You hit the yak but do no damage. Lightning courses through the yak!
You kill the yak!
You whack the yak!
The yak is moderately wounded.
The yak closely misses you.
You hit the yak.
The yak is moderately wounded.
The yak barely misses you.
You hit the yak but do no damage. Lightning courses through the yak!!
The yak is almost dead.
It was a potion of flight.
You feel very buoyant.
You fly up into the air.
The yak gores you!
* * * LOW HITPOINT WARNING * * *
You whack the yak!
You kill the yak!
Okay, then.
It was a potion of degeneration.
There was something very wrong with that liquid.
You feel weakened.
You feel dopey.
You feel clumsy. The yak gores you.
* * * LOW HITPOINT WARNING * * *
It was a potion of magic.
Magic courses through your body. The yak gores you but does no damage.
You hit the yak but do no damage. The yak gores you!
You die...

####......#
##)#.#...#...#.
#.......# #)))##8###8###
..#.....# #..##### ### #
#####..#.# ####
####......#.###..#
###....####)......##
.#####..............####
YY.......########..###
######
#.Y#.##>.YYY@..##..##
#..... ..
########......## #.....
#. #...#
###(#...###....) #
#...### #.#...........
#.....###)####....)...
###.#..#..# ###......
#.##...### #.#..##
#..##....## #.#)###
##.##)##..## #.#.###


You could see 3 yaks.

Vanquished Creatures
  2 two-headed ogres (D:8)
  Pikel (D:5)
  A troll (D:9)
  9 yaks
  Eustachio (D:6)
  A wyvern (D:8)
  A steam dragon (D:9)
  A water moccasin (D:7)
  7 orc warriors
  A black bear (D:5)
  A sky beast (D:7)
  A necrophage (D:6)
  2 ogres
  A centaur (D:9)
  A lemure (D:5)
  A kobold brigand (D:6)
  2 bullfrogs
  2 wyvern zombies
  A scorpion (D:6)
  A water moccasin zombie (D:5)
  A water moccasin skeleton (D:4)
  5 centaur zombies
  2 hounds (D:4)
  3 orc priests
  A gnoll shaman (D:6)
  3 iguanas
  A scorpion zombie (D:5)
  Ijyb (D:5)
  Natasha (twice) (D:2)
  7 orc wizards
  A hound skeleton (D:2)
  Robin (D:3)
  A howler monkey zombie (D:6)
  4 gnolls (D:6)
  A howler monkey skeleton (D:7)
  5 adders
  2 white imps
  An ufetubus (D:5)
  A worm (D:3)
  5 dart slugs
  28 orcs
  5 endoplasms
  2 giant cockroaches
  5 hobgoblins
  7 jackals
  2 quokkas
  5 ball pythons
  2 bats (D:2)
  2 frilled lizards (D:1)
  14 goblins
  11 kobolds
  A quokka skeleton (D:4)
  2 rats
172 creatures vanquished.

Vanquished Creatures (collateral kills)
  A bullfrog (D:8)
  An orc priest (D:9)
  2 orcs (D:8)
4 creatures vanquished.

Grand Total: 176 creatures vanquished

Notes
Turn   | Place    | Note
-------+----------+-------------------------------------------
     0 | D:1      | Armakuni the Human Wanderer began the quest for the Orb.
     0 | D:1      | Armakuni set off with the following items: a +2 hand
                  | crossbow, 21 bolts, a +0 cloak, 25 stones, a +0 leather
                  | armour; and the following spell memorised: Sandblast; and
                  | the following spells available to memorise: Stone Arrow
     0 | D:1      | Reached XP level 1. HP: 15/15 MP: 3/3
   209 | D:1      | Reached XP level 2. HP: 19/21 MP: 5/5
   803 | D:2      | Reached skill level 1 in Staves
   803 | D:2      | Reached skill level 1 in Evocations
   803 | D:2      | Reached XP level 3. HP: 27/27 MP: 6/6
   843 | D:2      | Noticed Natasha
   850 | D:2      | Killed Natasha
   851 | D:2      | Reached XP level 4. HP: 19/33 MP: 7/7
  1412 | D:2      | Found a faded altar of an unknown god.
  1481 | D:2      | Noticed Natasha
  1485 | D:2      | Killed Natasha
  1597 | D:3      | Reached XP level 5. HP: 39/39 MP: 8/8
  1621 | D:3      | Noticed Robin
  1982 | D:3      | Reached skill level 2 in Evocations
  2213 | D:3      | Killed Robin
  3027 | D:4      | Reached XP level 6. HP: 39/46 MP: 9/9
  3374 | D:4      | Found a blossoming altar of Fedhas.
  3374 | D:4      | Found a shadowy altar of Dithmenos.
  3381 | D:4      | Found a sparkling altar of Nemelex Xobeh.
  3383 | D:4      | Found a faded altar of an unknown god.
  3385 | D:4      | Found a white marble altar of Elyvilon.
  4095 | D:5      | Entered Level 5 of the Dungeon
  4350 | D:5      | Reached skill level 3 in Evocations
  4350 | D:5      | Reached XP level 7. HP: 51/52 MP: 10/10
  4548 | D:5      | Noticed Pikel
  4690 | D:4      | Became a worshipper of Elyvilon the Healer
  4736 | D:5      | Noticed Ijyb
  4746 | D:5      | Killed Ijyb
  4758 | D:5      | Identified the ring of Pimneb {rN+ SInv}
  4800 | D:5      | Killed Pikel
  4801 | D:5      | Reached skill level 4 in Evocations
  4801 | D:5      | Reached XP level 8. HP: 44/60 MP: 11/11
  5015 | D:5      | Found a hide-covered altar of Uskayaw.
  5016 | D:5      | Found a bloodstained altar of Trog.
  5088 | D:5      | Reached skill level 5 in Evocations
  5136 | D:5      | Learned a level 2 spell: Searing Ray
  5140 | D:5      | Learned a level 3 spell: Stone Arrow
  5308 | D:6      | Found Migg's Fire Supplies.
  5448 | D:6      | Reached skill level 5 in Staves
  5448 | D:6      | Reached skill level 5 in Earth Magic
  5732 | D:6      | Noticed Eustachio
  5747 | D:6      | Reached XP level 9. HP: 65/65 MP: 12/12
  5800 | D:6      | Killed Eustachio
  5801 | D:6      | Reached skill level 1 in Invocations
  5801 | D:6      | Reached skill level 6 in Evocations
  6046 | D:6      | Found a staircase to the Ecumenical Temple.
  6055 | Temple   | Entered the Ecumenical Temple
  6083 | Temple   | Fell from the grace of Elyvilon
  6083 | Temple   | Became a worshipper of the Shining One
  6724 | D:7      | Found an ancient bone altar of Kikubaaqudgha.
  7517 | D:8      | Noticed a two-headed ogre
  7522 | D:8      | Found a broken altar of Ashenzari.
  7525 | D:8      | HP: 2/65 [two-headed ogre (23)]
  7536 | D:8      | Killed a two-headed ogre
  7537 | D:8      | Reached skill level 7 in Evocations
  7977 | D:8      | Reached skill level 5 in Invocations
  7977 | D:8      | Reached XP level 10. HP: 56/71 MP: 13/13
  8267 | D:8      | Noticed a two-headed ogre
  8293 | D:8      | Killed a two-headed ogre
  8294 | D:8      | Reached skill level 8 in Evocations
  9773 | D:9      | Reached * piety under the Shining One
 10103 | D:9      | Identified the +0 robe of the Constellations {rCorr}
 10104 | D:9      | Found a hazy altar of Hepliaklqana.
 10297 | D:9      | Found a sacrificial altar of Ru.
 10771 | D:9      | Found a staircase to the Orcish Mines.
 10837 | D:9      | Reached XP level 11. HP: 71/77 MP: 14/14
 10869 | D:9      | Reached skill level 9 in Evocations
 10891 | D:9      | Slain by a yak

Illustrated notes

Levels and vault maps discovered:
D:1:      saegor_arrival_miasma, layout_loops_cross, feat_on_display
D:2:      layout_loops_cross, ebering_ecumenical_altar_rust, uniq_natasha
D:3:      layout_loops_ring, uniq_robin
D:4:      layout_layer_cave, chequers_temple_overflow_minitemple,
          serial_co_window_serial, co_window_corner_a, co_window_paths_b,
          co_window_of_opportunity_a, co_window_paths_a, co_window_paths_b,
          co_window_corner_ca, co_window_cross_4, co_window_broadway_c,
          co_window_paths_d, glass_columns_c, glass_columns_c, glass_columns_a,
          glass_columns_b
D:5:      layout_cave_pools, gammafunk_temple_overflow_pools, uniq_pikel,
          uniq_ijyb
D:6:      layout_basic, minmay_temple_entry_butterflies, nicolae_shop_fire_sale
          [nicolae_sub_dead_trees], nicolae_elevator_lobby_asterisk,
          uniq_eustachio
D:7:      layout_cave_pools, kiku_gazebo_pond_becter
D:8:      layout_basic, mainiacjoe_overflow_six_doors_small
D:9:      layout_rooms, nzn_hepliaklqana_mist_gate, nicolae_ru_awakened_eye,
          david_orc_4
Temple:   cyrus_temple_forest

Skill      XL: |  1  2  3  4  5  6  7  8  9 10 11 |
---------------+----------------------------------+-----
Staves         | 1 2 3 4 5 7 8 |  8.0
Evocations     | 1 2 3 4 5 7 8 9 |  9.3
Fighting       | 2 3 4 |  4.0
Earth Magic    | 2 3 4 5 8 |  8.9
Invocations    | 5 |  5.0
Crossbows      | |  2.0
Dodging        | |  4.0
Spellcasting   | |  2.0

Action                   |  1- 3 |  4- 6 |  7- 9 | 10-12 || total
-------------------------+-------+-------+-------+-------++-------
Melee: Whip              |       |    50 |   246 |   230 ||   526
       Staff             |       |    51 |       |    18 ||    69
       Punch             |       |     3 |     3 |     4 ||    10
 Fire: Hand crossbow     |    41 |    72 |       |       ||   113
 Cast: Stone Arrow       |       |       |       |    11 ||    11
Invok: Divine Shield     |       |       |       |     1 ||     1
Evoke: Wand              |       |     6 |    23 |     8 ||    37
  Use: Scroll            |       |    11 |     3 |     1 ||    15
       Potion            |       |     1 |     1 |     5 ||     7
 Stab: Sleeping          |       |       |     1 |       ||     1
Armor: Leather armour    |     5 |    41 |    56 |    40 ||   142
Dodge: Dodged            |    11 |    97 |   182 |   173 ||   463
Block: Other             |       |     3 |    61 |    25 ||    89

Table legend: (Time is in decaauts)
 A = Elapsed time spent in this place.
 B = Non-inter-level travel time spent in this place.
 C = Inter-level travel time spent in this place.
 D = Time resting spent in this place.
 E = Time spent auto-exploring this place.
 F = Levels seen in this place.
 G = Mean time per level.
                   A        B        C        D        E       F      G
               +--------+--------+--------+--------+--------+-----+--------+
         Total |  10880 |  10472 |    408 |   2257 |   6135 |  10 | 1088.0 |
       Dungeon |  10788 |  10421 |    367 |   2257 |   6097 |   9 | 1198.7 |
        Temple |     92 |     51 |     41 |      0 |     38 |   1 |   92.0 |
               +--------+--------+--------+--------+--------+-----+--------+

Top non-repeatable levels by time:
     D:8: 2016 daAuts
     D:4: 1552 daAuts
     D:6: 1367 daAuts
     D:3: 1160 daAuts
     D:9: 1083 daAuts
     D:7: 1025 daAuts
     D:2: 1021 daAuts
     D:5: 885 daAuts
     D:1: 674 daAuts
  Temple: 92 daAuts
